 Dungeon Crawl Stone Soup version 0.19-a0-1049-g462a813 (webtiles) character file.

146 mistymad the Skirmisher (level 5, -1/43 HPs)
             Began as a Formicid Abyssal Knight on July 31, 2016.
             Was a Priest of Lugonu.
             Slain by a centaur (5 damage)
             ... on level 3 of the Dungeon.
             The game lasted 00:11:37 (4004 turns).

mistymad the Skirmisher (Formicid Abyssal Knight)   Turns: 4004, Time: 00:11:38

Health: -1/43      AC: 11    Str: 22    XL:     5   Next: 53%
Magic:  6/6        EV:  6    Int: 17    God:    Lugonu [***...]
Gold:   163        SH:  0    Dex: 10    Spells: 0 memorised, 4 levels left

rFire  . . .     SeeInvis +     a - +1 hand axe
rCold  . . .     Gourm    .     k - +0 plate armour
rNeg   . . .     Faith    .     (no shield)
rPois  .         Spirit   .     (helmet unavailable)
rElec  .         Dismiss  +     (no cloak)
rCorr  .         Reflect  .     (no gloves)
SustAt .         Harm     .     (no boots)
MR     .....                    u - amulet of dismissal
Stlth  ..........               (no ring)
                                (no ring)

@: mighty, brilliant, drained, not resistant to hostile enchantments, extremely
unstealthy
A: permanent stasis, dig shafts and tunnels, four strong arms, antennae 3
a: Dig, Shaft Self, Depart the Abyss, Bend Space, Banish, Renounce Religion


You were on level 3 of the Dungeon.
You worshipped Lugonu.
Lugonu was most pleased with you.
You were not hungry.

You visited 1 branch of the dungeon, and saw 3 of its levels.
You visited the Abyss 1 time.

You collected 163 gold pieces.

Inventory:

Hand Weapons
 a - a +1 hand axe (weapon)
Armour
 b - a +0 chain mail
 k - a +0 plate armour (worn)
Jewellery
 u - an amulet of dismissal (around neck)
Wands
 w - a wand of digging (14/24)
Scrolls
 d - a scroll of amnesia {unknown}
 e - 3 scrolls of identify
 h - a scroll of enchant weapon {unknown}
 n - a scroll of teleportation {unknown}
 o - a scroll of random uselessness {unknown}
 p - a scroll of enchant armour {unknown}
 q - a scroll of blinking {unknown}
 r - a scroll of magic mapping {unknown}
 v - a scroll of remove curse {unknown}
Potions
 j - a potion of agility {unknown}
 m - a potion of curing {unknown}
 s - a potion of invisibility {unknown}
Comestibles
 c - 4 bread rations
 g - 3 beef jerkies
 l - a slice of pizza
 t - 6 chunks of flesh


   Skills:
 + Level 4.5 Fighting
 + Level 3.6(3.5) Axes
 + Level 3.2(3.1) Armour
 - Level 1.2 Dodging
 - Level 2.1 Invocations


You had 4 spell levels left.
You didn't know any spells.

Dungeon Overview and Level Annotations

Branches:
Dungeon (3/15)

Altars:

Annotations:
D:1 Sigmund


Innate Abilities, Weirdness & Mutations

You are under a permanent stasis effect.
You can dig through walls and to a lower floor.
Your four strong arms can wield two-handed weapons with a shield.
You have a pair of large antennae on your head. (SInv)


Message History

The centaur hits you but does no damage.
You take 2 damage, and have 9/43 hp.
Unknown command.
You closely miss the centaur.
The centaur is severely wounded.
The centaur hits you but does no damage.
The centaur completely misses you.
You hit the centaur.
The centaur is almost dead.
The centaur hits you.
* * * LOW HITPOINT WARNING * * *
You take 5 damage, and have 4/43 hp.
It was a potion of brilliance.
You feel clever all of a sudden. The centaur barely misses you.
The centaur hits you but does no damage.
It was a potion of might.
You feel very mighty all of a sudden. The centaur hits you.
You die...

#...# .................#
#...##....... #........###
.............##..(.......#
.............##........#.#
.......................#.#
.<.............(......>#.#
...................c...#.#
...#...........c#####..#.#
...#............@........#
...#.........#...........#
...#...).....#...........##
...#.........###.###.#'#..#
...#.....##### #.###.#.##.#
#.....# ####.....#.. .#
...#.....####...####.######
...................#.#
................##.#.#


You could see a centaur.

Vanquished Creatures
  4 adders (D:2)
  An ooze (D:1)
  2 worms (D:2)
  3 dart slugs
  4 giant geckos
  7 orcs
  2 giant cockroaches
  5 goblins
  9 hobgoblins
  12 jackals
  8 bats
  5 giant newts
  10 kobolds
  8 rats
80 creatures vanquished.

Notes
Turn   | Place    | Note
-------+----------+-------------------------------------------
     0 | Abyss:1  | mistymad the Formicid Abyssal Knight began the quest for the Orb.
     0 | Abyss:1  | Reached XP level 1. HP: 18/18 MP: 2/2
     6 | D:1      | Escaped the Abyss
   117 | D:1      | Reached skill level 1 in Dodging
   143 | D:1      | Reached * piety under Lugonu
   245 | D:1      | Reached XP level 2. HP: 23/24 MP: 3/3
   621 | D:1      | Reached XP level 3. HP: 30/30 MP: 4/4
   858 | D:1      | Reached ** piety under Lugonu
   882 | D:1      | Reached skill level 4 in Fighting
  1166 | D:2      | Reached XP level 4. HP: 14/37 MP: 5/5
  1460 | D:2      | Noticed Sigmund
  2466 | D:2      | Reached XP level 5. HP: 34/42 MP: 6/6
  3421 | D:2      | Reached *** piety under Lugonu
  3633 | D:3      | Noticed a centaur
  4004 | D:3      | Slain by a centaur

Vault maps used:
D:1:      dpeg_arrival_simpleton_b
D:2:      kennysheep_generic_room_9, uniq_sigmund
D:3:      minmay_misc_feat_rows

Skill      XL: |  1  2  3  4 |
---------------+-------------+-----
Dodging        | 1 |  1.2
Fighting       | 4 |  4.5
Axes           | 3 |  3.6
Armour         | 3 |  3.2
Invocations    | |  2.1

Action                   |  1- 3 |  4- 6 || total
-------------------------+-------+-------++-------
Melee: Hand axe          |    78 |   200 ||   278
Invok: Depart the Abyss  |     1 |       ||     1
       Bend Space        |       |     2 ||     2
 Abil: Dig               |     1 |     1 ||     2
  Use: Potion            |       |     2 ||     2
       Scroll            |       |     1 ||     1
  Eat: Chunk             |     1 |     9 ||    10
Armor: Leather armour    |    19 |    36 ||    55
       Plate armour      |       |    61 ||    61
Dodge: Dodged            |    44 |   106 ||   150
